[Event "*** SCC Grand Prix: Titled Tuesday Blitz"]
[Site "Chess.com"]
[Date "2020.07.07"]
[Round "5"]
[White "Guenplen"]
[Black "EvgenyRomanov"]
[Result "1-0"]
[WhiteElo "2902"]
[BlackElo "2630"]
[TimeControl "180+1"]
[EndTime "10:56:06 PDT"]
[Termination "Guenplen won on time"]

1. d4 Nf6 2. Bf4 g6 3. Nc3 d5 4. e3 Bg7 5. h4 c5 6. Nb5 Na6 7. c3 O-O 8. h5 Bg4 9. f3 Bd7 10. hxg6 fxg6 11. a4 Nh5 12. Bh2 e5 13. Bxe5 Bxe5 14.
dxe5 Ng3 15. Qxd5+ Kh8 16. e6 Nxh1 17. exd7 Qh4+ 18.
Kd2 Rad8 19. Kc2 Qf2+ 20. Ne2 Qxe3 21. Qxb7 Nb8 22. Rd1 Nf2 23. Rd6 Qe7 24. Qxa7 Rxd7 25. Qxc5 Ne4 26. fxe4 Rxd6 27. Nxd6 Rxf1 28. Qd4+ Kg8 29.
Qd5+ Kh8 30. Nd4 Nd7 31. Nc6 Rf2+ 32. Kb3 Qf6 33. e5 Qe6 34. Qxe6 Nc5+ 35. Kc4 Nxe6 36. b4 Rxg2 37. b5 h5 38. b6 Rb2 39. Nb4 Nd8 40. e6 Re2 41. Nf7+ Nxf7 42. exf7 Kg7 43.
b7 Re4+ 44. Kb3 1-0

[Event "*** SCC Grand Prix: Titled Tuesday Blitz"]
[Site "Chess.com"]
[Date "2020.07.07"]
[Round "5"]
[White "pedromartinez91"]
[Black "Shield12"]
[Result "0-1"]
[WhiteElo "2551"]
[BlackElo "2838"]
[TimeControl "180+1"]
[EndTime "10:56:07 PDT"]
[Termination "Shield12 won on time"]

1. e4 c5 2. Nf3 Nc6 3. d4 cxd4 4. Nxd4 Nf6 5. Nc3 d6 6. Bg5 e6 7. Qd2 a6 8. f4 h6 9. Bxf6 Qxf6 10. Nf3 g5 11.
fxg5 hxg5 12. Qxg5 Qxg5 13. Nxg5 b5 14. Bd3 Bb7 15. O-O Ne5 16. Nf3 Bg7 17. a3 Ke7 18.
Rae1 Rac8 19. h3 Nxf3+ 20. Rxf3 Bxc3 21. bxc3 Rxc3 22. Ref1 f5 23. g4 Rg8 24. Kh2 Rg7 25. gxf5 exf5 26. Rxf5 Rxa3 27. h4 Ra4 28. R1f4 Bc8 29.
Rg5 Rh7 30. Kg3 Ra1 31. e5 dxe5 32. Rxe5+ Kd6 33. Rg5 Rg1+ 34. Kf2 Rxh4 35. Rxh4 Rxg5 36. Ke3 Kc5 37. Rh8 Be6 38. Ra8 Kb6 39. Rb8+ Kc7 40. Re8 Bd7 41. Ra8 Kb7 42. Rd8 Bc6 43. Kd4 Kc7 44.
Rh8 Kb6 45. Rh6 Rg4+ 46. Kc3 a5 0-1

[Event "*** SCC Grand Prix: Titled Tuesday Blitz"]
[Site "Chess.com"]
[Date "2020.07.07"]
[Round "5"]
[White "peixe64"]
[Black "Nafania1"]
[Result "0-1"]
[WhiteElo "2319"]
[BlackElo "2453"]
[TimeControl "180+1"]
[EndTime "10:56:07 PDT"]
[Termination "Nafania1 won by resignation"]

1. e4 e6 2. d4 d5 3. Nc3 h6 4.
Nf3 Nf6 5. e5 Ne4 6. Bd3 Bb4 7.
O-O Nxc3 8. bxc3 Bxc3 9. Rb1 Nc6 10. Ba3 a5 11. Bb5 Bd7 12. Qd3 Bb4 13. Bc1 O-O 14. c3 Be7 15. Ba4 Nb4 16. Rxb4 axb4 17. Bc2 g6 18. Bxh6 Ra3 19. h4 Rxc3 20. Qd2 Qa8 21. Bb1 Qa3 22. h5 Be8 23. Qf4 b3 24. axb3 Rxb3 25.
Ng5 Qa6 26. hxg6 fxg6 27. Bxf8 Bxf8 28. Qh4 Bg7 29. Qh7+ Kf8 30. Bxg6 Qc6 31. Bxe8 Qxe8 32. f4 Rg3 33. Nh3 Qf7 34. f5 Ke8 35. fxe6 Qxe6 36.
Nf4 Qf7 37. Nh5 Qg6 38. Qg8+ Ke7 39. Nxg3 c6 40. Nf5+ Kd7 41. Qb8 Bh6 42. Qxb7+ Kd8 43. Qb8+ Kd7 44. Qb7+ Kd8 45. Qxc6 Qxc6 46. Nd6 Be3+ 47.
Kh2 Qc2 48. Nf7+ Ke7 49. Nd6 Qh7+ 50. Kg3 Qg6+ 51. Kf3 Bxd4 52. Ke2 Bxe5 0-1

[Event "*** SCC Grand Prix: Titled Tuesday Blitz"]
[Site "Chess.com"]
[Date "2020.07.07"]
[Round "5"]
[White "albi1999"]
[Black "AlexOstrovskiy"]
[Result "1-0"]
[WhiteElo "2488"]
[BlackElo "2651"]
[TimeControl "180+1"]
[EndTime "10:56:08 PDT"]
[Termination "albi1999 won by resignation"]

1. d4 e6 2. c4 b6 3. e4 Bb4+ 4.
Bd2 Bxd2+ 5. Qxd2 d5 6. cxd5 exd5 7. e5 Ne7 8. Nc3 O-O 9. f4 c5 10. Nf3 Nbc6 11. Be2 Bg4 12. dxc5 bxc5 13. O-O d4 14.
Ne4 Qd5 15. Nf2 Be6 16. b3 Nf5 17. Rfc1 Ne3 18. Nd1 Nxd1 19. Rxd1 Ne7 20. Ng5 Bf5 21. Bf3 Qd7 22. Bxa8 Rxa8 23. Rac1 Rc8 24. b4 d3 25. bxc5 Qd4+ 26. Qf2 Qa4 27. h3 h6 28. Nf3 Qxf4 29.
Qd4 Qg3 30. Rxd3 Bxd3 31. Qxd3 Ng6 32. Qd7 Rb8 33. Qg4 Qxg4 34. hxg4 Rc8 35. c6 Kf8 36.
Kf2 Ke7 37. Ke3 Ke6 38. Ke4 Rc7 39. Nd4+ Ke7 40. Nb5 Rc8 41. Nxa7 Rc7 42. Nb5 Rc8 43. a4 Nf8 44. Nd6 Rc7 45. Nf5+ Kd8 46. Nxg7 Ra7 47. Rc4 Ng6 48. Nf5 Kc7 49. Nd4 Ra8 50. Nb5+ Kb6 51. c7 Ne7 52. Nd6 Nc8 53. Nxc8+ Rxc8 54. Kf5 1-0

[Event "*** SCC Grand Prix: Titled Tuesday Blitz"]
[Site "Chess.com"]
[Date "2020.07.07"]
[Round "5"]
[White "Artem_Sadovsky"]
[Black "FlamingPhoenix123"]
[Result "0-1"]
[WhiteElo "2529"]
[BlackElo "2411"]
[TimeControl "180+1"]
[EndTime "10:56:08 PDT"]
[Termination "FlamingPhoenix123 won on time"]

1. Nf3 Nf6 2. c4 e6 3. b3 d5 4. Bb2 c6 5. g3 Bd6 6. Bg2 Nbd7 7. O-O O-O 8. d3 Qe7 9. Qc2 e5 10. cxd5 cxd5 11. Nc3 a6 12. Rac1 b5 13. Nh4 Nb6 14. a4 b4 15. Nd1 Be6 16. Ne3 Rac8 17. Qd2 Qd7 18. Nf3 d4 19. Nc4 Nxc4 20. dxc4 Ne4 21.
Qe1 Nc5 22. Qd1 Qc7 23. Qc2 f6 24. Nh4 Bf7 25. Nf5 Bg6 26. Bd5+ Kh8 27. e4 Bxf5 28.
exf5 d3 29. Qd1 e4 30. f3 e3 31. Re1 d2 32. Rxe3 dxc1=Q 33. Bxc1 Rfe8 34. Qd4 Rxe3 35. Qxe3 Nd7 36. Be6 Bc5 37. Kg2 Bxe3 38. Bxe3 Rd8 39. Bf4 Qc6 40. Bd5 Qb6 41. Be3 Qxe3 0-1

[Event "*** SCC Grand Prix: Titled Tuesday Blitz"]
[Site "Chess.com"]
[Date "2020.07.07"]
[Round "5"]
[White "Lagmantr"]
[Black "wonderfultime"]
[Result "1/2-1/2"]
[WhiteElo "2662"]
[BlackElo "2993"]
[TimeControl "180+1"]
[EndTime "10:56:09 PDT"]
[Termination "Game drawn by repetition"]

1. d4 d5 2. c4 c6 3. Nf3 Nf6 4. Nc3 a6 5. cxd5 cxd5 6. Bf4 Nc6 7.
e3 Bg4 8. Qb3 Na5 9. Qc2 Bxf3 10.
gxf3 e6 11. Qa4+ Nc6 12. Rc1 Bd6 13. Bxd6 Qxd6 14. Bd3 O-O 15. f4 Rfc8 16. O-O Rc7 17. Nb5 Qd8 18. Nxc7 Qxc7 19. b4 Qd8 20. Rc3 Ne4 21.
Bxe4 dxe4 22. Qc2 f5 23. Qb3 Qd7 24. Rc5 Ne7 25. Rfc1 Nd5 26. b5 h6 27. bxa6 Rxa6 28. Qb5 Qe7 29. Rc8+ Kh7 30. Qe8 Qh4 31. Kh1 Nf6 32.
Qh8+ Kg6 33. R8c7 Kh5 34. Rxg7 Ra8 35. Qxa8 Qxf2 36. Qf8 Qf3+ 37. Rg2 Ng4 38. Qf7+ Kh4 39. Qg6 Nf2+ 40. Kg1 Nh3+ 41. Kh1 Nf2+ 42. Kg1 Nh3+ 43. Kh1 Nf2+ 1/2-1/2

[Event "*** SCC Grand Prix: Titled Tuesday Blitz"]
[Site "Chess.com"]
[Date "2020.07.07"]
[Round "5"]
[White "Durarbayli"]
[Black "Onegust"]
[Result "1-0"]
[WhiteElo "2804"]
[BlackElo "2607"]
[TimeControl "180+1"]
[EndTime "10:56:09 PDT"]
[Termination "Durarbayli won by resignation"]

1. e4 c5 2. b3 Nf6 3. e5 Nd5 4. Nc3 Nxc3 5. dxc3 Nc6 6. Nf3 g6 7. Bc4 Bg7 8. Qd5 O-O 9. O-O b6 10. Bf4 Bb7 11. Rad1 Na5 12. Qxd7 Qxd7 13. Rxd7 Bxf3 14. gxf3 Nxc4 15. bxc4 f6 16. e6 Rfe8 17. Rfd1 f5 18. Bg5 Kf8 19. R1d3 h6 20. Bd2 g5 21. f4 g4 22.
R3d5 Bf6 23. Rxf5 Kg7 24. Rfd5 Reb8 25. a4 a6 26. Kg2 b5 27. a5 bxc4 28. Rxc5 Rb2 29.
Rxc4 Rxc2 30. Be3 h5 31. f5 Rb8 32. Bb6 Kh6 33. h3 Kg5 34. hxg4 hxg4 35. Rd5 Rh8 36.
Be3+ Kh5 37. Rd1 Rc8 38. Rxc8 1-0

[Event "*** SCC Grand Prix: Titled Tuesday Blitz"]
[Site "Chess.com"]
[Date "2020.07.07"]
[Round "5"]
[White "Caterpiller35"]
[Black "binbin239"]
[Result "0-1"]
[WhiteElo "2361"]
[BlackElo "2510"]
[TimeControl "180+1"]
[EndTime "10:56:09 PDT"]
[Termination "binbin239 won by checkmate"]

1. d4 Nf6 2. Bg5 Ne4 3. Bf4 c5 4. f3 Qa5+ 5. c3 Nf6 6. Nd2 cxd4 7. Nb3 Qb6 8. Qxd4 Qxd4 9. cxd4 d5 10. e3 e6 11. Rc1 Nc6 12. g4 Bb4+ 13. Kf2 O-O 14.
Bd3 Nd7 15. a3 Be7 16. Bb5 e5 17. Bxc6 exf4 18. Bxd5 fxe3+ 19. Kxe3 Bg5+ 20. f4 Nf6 21. fxg5 Nxd5+ 22. Kf3 f6 23. gxf6 Rxf6+ 24. Kg3 Ne3 25. Nf3 Bxg4 26. Ne5 Be6 27. Nc5 Bd5 28. Rhe1 Nf5+ 29.
Kg4 Nxd4 30. Ncd7 Be6+ 31. Kg3 Rf5 32. Rcd1 Nc2 33. Re2 Bb3 34. Nc5 Ne3 35. Rd3 Rxe5 36. Rdxe3 Rxe3+ 37. Rxe3 Bd5 38. Re7 b6 39. Nd3 a5 40.
Nf4 Bf7 41. h4 Kf8 42. Rb7 Re8 43. Rxb6 Re3+ 44. Kg4 g6 45. Kg5 Kg7 46. h5 Re5+ 47. Kg4 gxh5+ 48. Kf3 h4 49. b4 axb4 50. axb4 Rf5 51.
Rb7 Kh6 52. Kg4 Rf6 53. b5 h3 54. Nxh3 Be6+ 55. Kg3 Rg6+ 56. Kh4 Rg4# 0-1

[Event "*** SCC Grand Prix: Titled Tuesday Blitz"]
[Site "Chess.com"]
[Date "2020.07.07"]
[Round "5"]
[White "politeplayer"]
[Black "djano"]
[Result "1/2-1/2"]
[WhiteElo "2247"]
[BlackElo "2453"]
[TimeControl "180+1"]
[EndTime "10:56:09 PDT"]
[Termination "Game drawn by repetition"]

1. e4 g6 2. d4 Bg7 3. Nc3 d6 4. f4 a6 5. Nf3 b5 6. e5 Bb7 7. Ng5 e6 8. Bd3 Nd7 9. Nce4 Qe7 10.
O-O Nh6 11. Kh1 Nf5 12. c3 h6 13. Nf3 d5 14. Nf2 c5 15. a4 c4 16. Bxf5 gxf5 17. axb5 axb5 18. Rxa8+ Bxa8 19. b3 O-O 20. bxc4 dxc4 21. Bb2 Nb6 22. Qc1 Qb7 23. Ba3 Rc8 24.
Bd6 Bf8 25. Bxf8 Rxf8 26. Qe1 Kh7 27. Nh3 Rg8 28. Qh4 Rg4 29. Nhg5+ Kg7 30. Qh5 hxg5 31. h3 Rg3 32. fxg5 Qe4 33. Qh6+ Kg8 34. Qf6 b4 35.
Qd8+ Kh7 36. Qxb6 bxc3 37. Qc7 Kg8 38. Qd8+ Kg7 39. Qf6+ Kg8 40. Qd8+ Kh7 41. Qf6 Kg8 42. Qd8+ 1/2-1/2

[Event "*** SCC Grand Prix: Titled Tuesday Blitz"]
[Site "Chess.com"]
[Date "2020.07.07"]
[Round "5"]
[White "PaulfromSPb"]
[Black "ValentinDragnev"]
[Result "1/2-1/2"]
[WhiteElo "2597"]
[BlackElo "2755"]
[TimeControl "180+1"]
[EndTime "10:56:10 PDT"]
[Termination "Game drawn - insufficient material"]

1. d4 e6 2. Bf4 Nf6 3. e3 b6 4. Nd2 Bb7 5. h3 Be7 6. c3 O-O 7. Ngf3 d6 8. Bh2 c5 9. a4 a6 10. Bd3 Nbd7 11. O-O Re8 12. e4 Bf8 13. Re1 g6 14.
Qe2 e5 15. dxe5 Nxe5 16. Nxe5 dxe5 17. Nc4 Qc7 18. Rad1 Nh5 19. Bc2 Nf4 20. Qf3 Rad8 21. Nxe5 Qxe5 22. Bxf4 Qe6 23. Rxd8 Rxd8 24. Qe2 c4 25. f3 b5 26. axb5 axb5 27. Be3 h5 28.
Rd1 Rxd1+ 29. Qxd1 b4 30. cxb4 Bd6 31. Bc5 Bxc5+ 32.
bxc5 Qe5 33. Ba4 Qxc5+ 34. Kh1 Qe5 35. Qc2 Kg7 36. Qxc4 Qxb2 37. Bb3 Qa1+ 38. Kh2 Qe5+ 39. Kg1 Qa1+ 40. Kf2 Qb2+ 41. Ke3 Qf6 42. Qc7 Ba6 43. Bd5 Qg5+ 44. Kd4 Qd2+ 45. Kc5 Qc3+ 46. Kb6 Qxc7+ 47. Kxc7 Bf1 48. h4 Bxg2 49. e5 g5 50. hxg5 h4 51.
e6 fxe6 52. Bxe6 Bxf3 53. Bf5 Bg2 54. Kd6 h3 55. Bxh3 Bxh3 56. g6 Kxg6 1/2-1/2

[Event "*** SCC Grand Prix: Titled Tuesday Blitz"]
[Site "Chess.com"]
[Date "2020.07.07"]
[Round "5"]
[White "barbara25"]
[Black "DariaVoit"]
[Result "1-0"]
[WhiteElo "2328"]
[BlackElo "2467"]
[TimeControl "180+1"]
[EndTime "10:56:10 PDT"]
[Termination "barbara25 won on time"]

1. e4 e6 2. d4 d5 3. Nc3 Bb4 4.
e5 Ne7 5. a3 Bxc3+ 6. bxc3 b6 7. h4 Ba6 8. Bxa6 Nxa6 9. Qg4 O-O 10. h5 c5 11. Bg5 Qd7 12. Ne2 cxd4 13. cxd4 Rac8 14.
c3 Nc7 15. a4 Ne8 16. O-O f6 17. exf6 Nxf6 18. Bxf6 Rxf6 19. a5 b5 20. Rfe1 Nf5 21. Ra3 Qd6 22. Rb3 a6 23. Nf4 Rc6 24. Nd3 Qc7 25. Nc5 Nh6 26. Qh3 Qf7 27. Rb2 Rf5 28. Rbe2 Rxh5 29. Qg3 Nf5 30. Qb8+ Qf8 31. Qxf8+ Kxf8 32. Rxe6 Rh6 33. R6e5 Nh4 34. Rxd5 Rhg6 35. Rd8+ Kf7 36.
Rd7+ Kf8 37. Re3 Nxg2 38. Rg3 Rxg3 39. fxg3 Ne3 40. Ra7 Nd5 41. Rxa6 Rxa6 42. Nxa6 Nxc3 43. Nb4 Na4 44. Kf2 Ke7 45. Ke3 Kd7 46. Ke4 Nb2 47.
Kd5 Nc4 48. a6 Kc7 49. Kc5 1-0

[Event "*** SCC Grand Prix: Titled Tuesday Blitz"]
[Site "Chess.com"]
[Date "2020.07.07"]
[Round "5"]
[White "TheLawAdv"]
[Black "MarceloPlaya"]
[Result "1-0"]
[WhiteElo "2068"]
[BlackElo "2281"]
[TimeControl "180+1"]
[EndTime "10:56:10 PDT"]
[Termination "TheLawAdv won on time"]

1. e4 e6 2. d4 d5 3. Bd3 c5 4.
exd5 exd5 5. dxc5 Bxc5 6. Nf3 Nf6 7. O-O O-O 8. Bg5 Bg4 9. h3 Bh5 10. Nbd2 Qd6 11. c4 Nc6 12. cxd5 Ne5 13. Be2 Qxd5 14. Bxf6 gxf6 15. Nxe5 Bxe2 16. Qxe2 fxe5 17. Ne4 Be7 18. Rfd1 Qe6 19. Qg4+ Qxg4 20. hxg4 Rfd8 21. Ng3 Bc5 22. Kf1 Rd4 23. Rac1 Rxd1+ 24. Rxd1 Bd4 25. b3 Rc8 26.
Rd2 Bb6 27. Ke2 Kf8 28. Ne4 Ke7 29. f3 Bd4 30. Ng3 Ke6 31. Nf5 Rd8 32. Rc2 Rd7 33.
Ng7+ Kd5 34. Nh5 Ke6 35. Ng3 a5 36. Nf5 b5 37. Rc6+ Kd5 38. Rc2 a4 39. bxa4 bxa4 40.
Nh4 a3 41. Nf5 1-0

[Event "*** SCC Grand Prix: Titled Tuesday Blitz"]
[Site "Chess.com"]
[Date "2020.07.07"]
[Round "5"]
[White "ErikBlomqvist"]
[Black "praveenb2002"]
[Result "0-1"]
[WhiteElo "2503"]
[BlackElo "2702"]
[TimeControl "180+1"]
[EndTime "10:56:11 PDT"]
[Termination "praveenb2002 won on time"]

1. e4 c6 2. d4 d5 3. exd5 cxd5 4. Bd3 Nc6 5. c3 Qc7 6. h3 g6 7. Nf3 Bg7 8. O-O Bf5 9. Be2 Nf6 10. Be3 O-O 11. Nbd2 Rac8 12. Re1 Ne4 13. Nxe4 Bxe4 14. Nd2 Bf5 15. Nb3 Rfd8 16. Qd2 e5 17. dxe5 Nxe5 18. Bf4 Qb6 19. Bxe5 Bxe5 20. Rad1 Bg7 21. Bf3 Be4 22. Qf4 Bc2 23. Rxd5 Bxb3 24. axb3 Qxb3 25. Re7 Rf8 26. Rdd7 Rc5 27. Rxb7 Qa2 28. g3 Rf5 29. Qe3 a5 30. Be4 Rf6 31. Kg2 h5 32. h4 Re6 33. Rxe6 Qxe6 34. Qf3 Qf6 35. Bd5 Qxf3+ 36. Kxf3 Be5 37. Ra7 Rb8 38. Rxf7 Kh8 39. Re7 Bf6 40. Rb7 Rd8 41. Be4 Rg8 0-1

[Event "*** SCC Grand Prix: Titled Tuesday Blitz"]
[Site "Chess.com"]
[Date "2020.07.07"]
[Round "5"]
[White "K-Nygren"]
[Black "floplover"]
[Result "0-1"]
[WhiteElo "2462"]
[BlackElo "2311"]
[TimeControl "180+1"]
[EndTime "10:56:11 PDT"]
[Termination "floplover won by checkmate"]

1. e4 c6 2. d4 d5 3. e5 Bf5 4.
Nd2 e6 5. Nb3 c5 6. dxc5 Bxc5 7.
Nxc5 Qa5+ 8. c3 Qxc5 9. Be3 Qc7 10. Nf3 Nc6 11. Bb5 Ne7 12. O-O O-O 13. Bf4 Ng6 14. Bg3 Bg4 15. Be2 Bxf3 16. Bxf3 Ncxe5 17. Be2 Qb6 18. Kh1 Nd7 19. Rb1 Nc5 20. f3 Rad8 21.
h4 h5 22. Bf2 Qc7 23. Qd4 b6 24. g3 e5 25. Qd2 e4 26. Qg5 Rfe8 27. Qxh5 e3 28. Be1 Qd7 29. Kg2 Ne5 30. f4 g6 31. Qh6 Ng4 32. Qg5 Nf2 33. Bxf2 exf2 34. Bg4 Qb7 35. f5 Ne4 36. Qh6 Rd6 37. Bf3 gxf5 38.
Qh5 Rg6 39. g4 fxg4 40. Bxe4 dxe4 41. Kg3 e3 42. Rbc1 Qf3+ 43. Kh2 Qh3# 0-1

[Event "*** SCC Grand Prix: Titled Tuesday Blitz"]
[Site "Chess.com"]
[Date "2020.07.07"]
[Round "5"]
[White "TurboSteen"]
[Black "esrosenberg"]
[Result "0-1"]
[WhiteElo "1964"]
[BlackElo "2287"]
[TimeControl "180+1"]
[EndTime "10:56:11 PDT"]
[Termination "esrosenberg won on time"]

1. e4 e5 2. Nf3 Nc6 3. Bb5 a6 4. Ba4 Nf6 5. O-O Be7 6. Re1 b5 7. Bb3 O-O 8. c3 d5 9. exd5 Nxd5 10. Nxe5 Nxe5 11. Rxe5 c6 12. d4 Bd6 13. Re1 Qh4 14.
g3 Qh3 15. Re4 g5 16. Qf3 Bf5 17. Bxd5 cxd5 18. Re1 Rae8 19. Rxe8 Rxe8 20. Qd1 Be4 21. f3 Bxf3 22. Qf1 Bg2 23. Qf2 Bf3 24. Nd2 Re1+ 25.
Nf1 Qg2+ 26. Qxg2 Bxg2 27. Kxg2 f5 28. b3 f4 29. Bb2 Re2+ 30. Kf3 Rxb2 31. gxf4 Bxf4 32.
Ng3 Rxh2 33. a4 Rh3 34. axb5 Rxg3+ 35. Kf2 axb5 36. c4 bxc4 37. bxc4 dxc4 38. Ra8+ Kg7 39. Rc8 c3 40. d5 Rd3 0-1

[Event "*** SCC Grand Prix: Titled Tuesday Blitz"]
[Site "Chess.com"]
[Date "2020.07.07"]
[Round "5"]
[White "KejJaj"]
[Black "Alexandercs432"]
[Result "1-0"]
[WhiteElo "2022"]
[BlackElo "2120"]
[TimeControl "180+1"]
[EndTime "10:56:11 PDT"]
[Termination "KejJaj won by checkmate"]

1. d4 Nf6 2. Bf4 d5 3. e3 c5 4. c3 Nc6 5. Nd2 Qb6 6. Qb3 c4 7. Qc2 g6 8. e4 Bg7 9. exd5 Nxd5 10. Nxc4 Qd8 11. Bg3 O-O 12. Bd3 e5 13. dxe5 Re8 14.
Nf3 b5 15. Ncd2 Nxe5 16. Nxe5 Bxe5 17. O-O a6 18. Be4 Bb7 19. Rad1 Bxg3 20. hxg3 Qb6 21.
Rfe1 Nf6 22. Bxb7 Qxb7 23. Nf3 Rad8 24. Rxd8 Rxd8 25. Nd4 Kg7 26. a3 Qc7 27. Qc1 h6 28. Qf4 Qd7 29. Qh4 Re8 30. Rxe8 Qxe8 31. Qf4 Qe1+ 32. Kh2 h5 33. Nf3 Ng4+ 34. Qxg4 Qxf2 35. Qd4+ Kg8 36. Qxf2 h4 37. Qd4 Kf8 38. Kh3 Ke7 39.
Ng5 Ke8 40. Qe5+ Kf8 41. Qf6 Ke8 42. Qxf7+ Kd8 43. Qf8+ Kc7 44. Qe7+ Kc6 45. Qe6+ Kc5 46. Ne4# 1-0

[Event "*** SCC Grand Prix: Titled Tuesday Blitz"]
[Site "Chess.com"]
[Date "2020.07.07"]
[Round "5"]
[White "Artem_Koval"]
[Black "francyIM"]
[Result "0-1"]
[WhiteElo "2433"]
[BlackElo "2609"]
[TimeControl "180+1"]
[EndTime "10:56:12 PDT"]
[Termination "francyIM won on time"]

1. e4 e5 2. d4 Nc6 3. dxe5 Nxe5 4. f4 Ng6 5. Nf3 Bc5 6. Nc3 d6 7. f5 Ne5 8. Nxe5 dxe5 9. Qxd8+ Kxd8 10. Bg5+ f6 11.
O-O-O+ Bd7 12. Bh4 c6 13. g4 Kc7 14. Bc4 Nh6 15. h3 Be8 16. Rh2 Bf7 17. Bxf7 Nxf7 18. Bf2 Bxf2 19. Rxf2 h5 20. Rfd2 Rad8 21. Rxd8 Nxd8 22.
Rg1 hxg4 23. Rxg4 Rh7 24. h4 Nf7 25. Kd2 Nd6 26. b3 Kd7 27. Ke3 Ke7 28. Kf3 Kf7 29. Ne2 Rh8 30. Ng3 Nb5 31. Ke3 Nc3 32. a4 b5 33. axb5 cxb5 34. h5 a5 35. Kd3 Nd1 36.
Ke2 Nc3+ 37. Kd3 b4 38. Rh4 Rd8+ 39. Ke3 Nd1+ 40. Ke2 Nc3+ 41. Ke3 Nb5 42. h6 Rh8 43. h7 Nd4 44. Kd3 Nf3 45. Rh1 Ng5 46. Ra1 Rd8+ 47. Kc4 Rc8+ 48. Kb5 Nxh7 49. Kxa5 Ra8+ 50. Kxb4 Rxa1 51.
c4 Nf8 52. Ne2 Nd7 53. Nc3 Ke7 54. Kb5 Ra8 55. Nd5+ Kd6 56. b4 Rb8+ 57. Ka4 Nc5+ 58. bxc5+ Kxc5 59. Nc7 Kxc4 60. Ka5 Kd4 61. Ne6+ Kxe4 62.
Nxg7 Rg8 63. Ne6 Kxf5 0-1

[Event "*** SCC Grand Prix: Titled Tuesday Blitz"]
[Site "Chess.com"]
[Date "2020.07.07"]
[Round "5"]
[White "aisha_zakirova"]
[Black "Ole83"]
[Result "1-0"]
[WhiteElo "2143"]
[BlackElo "2301"]
[TimeControl "180+1"]
[EndTime "10:56:12 PDT"]
[Termination "aisha_zakirova won on time"]

1. d4 Nf6 2. c4 e6 3. Nf3 c5 4. d5 exd5 5. cxd5 d6 6. Nc3 g6 7. e4 a6 8. h3 Bg7 9. a4 O-O 10. Bd3 Nbd7 11. O-O Ne8 12. a5 Ne5 13. Nxe5 Bxe5 14.
f4 Bd4+ 15. Kh1 f5 16. Qf3 Ng7 17. Ne2 Bf6 18. Ng3 Bd7 19. exf5 gxf5 20. Nh5 Nxh5 21. Qxh5 Qe8 22. Qf3 Qf7 23. Bd2 Bxb2 24. Rab1 Qg7 25. Be3 Rae8 26. Qf2 Bc3 27. Rxb7 Re7 28. Bxa6 Bxa5 29.
Qa2 Bb4 30. Bg1 Bc8 31. Rb6 Qg6 32. Bxc8 Rxc8 33. Qa6 Rd8 34. Rc6 Rg7 35. Rf2 Qf7 36. Rxd6 Rf8 37. Re6 Qd7 38. Qc4 Kh8 39. Rfe2 Rd8 40. d6 Qc6 41. Bd4 Rxd6 42. Bxg7+ Kxg7 43. Re7+ Kh6 44. Qf7 Rd1+ 45. Kh2 Qg6 46. R7e6 c4 47.
Rxg6+ hxg6 48. Re6 1-0

[Event "*** SCC Grand Prix: Titled Tuesday Blitz"]
[Site "Chess.com"]
[Date "2020.07.07"]
[Round "5"]
[White "Harsha_Bharathakoti"]
[Black "antoszu"]
[Result "1-0"]
[WhiteElo "2792"]
[BlackElo "2538"]
[TimeControl "180+1"]
[EndTime "10:56:13 PDT"]
[Termination "Harsha_Bharathakoti won by resignation"]

1. Nf3 d5 2. c4 d4 3. b4 g5 4. Bb2 Bg7 5. h3 e5 6. d3 f5 7. Nbd2 h6 8. e3 c5 9. bxc5 Nc6 10.
exd4 exd4 11. Be2 Nge7 12. Nb3 f4 13. Nfd2 Bf5 14. Bh5+ Ng6 15. Qe2+ Qe7 16. Ne4 O-O 17.
Nd6 Bxd3 18. Qxe7 Ngxe7 19. O-O-O Bh7 20. Rhe1 Nf5 21. Nxf5 Bxf5 22. Nxd4 Nxd4 23. Bxd4 Bxd4 24. Rxd4 Rfd8 25. Rxd8+ Rxd8 26. Bf3 Rc8 27. Bxb7 Rxc5 28. Bd5+ Kf8 29. Kb2 h5 30. Kc3 Bd7 31. Re5 g4 32.
Rxh5 gxh3 33. gxh3 Kg7 34. Rh4 Rc7 35. Rxf4 Bxh3 36.
Kd4 Bc8 37. c5 Kg6 38. c6 Kg5 39. Rf8 Bf5 40. f4+ Kg4 41. Ke5 Re7+ 42. Kd6 Re2 43. Rxf5 Kxf5 44. c7 Re8 45. c8=Q+ Rxc8 46. Be6+ Kxf4 47.
Bxc8 Ke4 48. a4 Kd4 49. Kc6 Kc4 50. a5 Kb4 51. a6 Ka5 52. Kb7 1-0

[Event "*** SCC Grand Prix: Titled Tuesday Blitz"]
[Site "Chess.com"]
[Date "2020.07.07"]
[Round "5"]
[White "Sashadav97"]
[Black "chegueps"]
[Result "0-1"]
[WhiteElo "2533"]
[BlackElo "2412"]
[TimeControl "180+1"]
[EndTime "10:56:13 PDT"]
[Termination "chegueps won by resignation"]

1. d4 f5 2. c4 Nf6 3. Nc3 g6 4. h4 Bg7 5. h5 Nxh5 6. e4 fxe4 7. Rxh5 gxh5 8. Qxh5+ Kf8 9. Nxe4 Qe8 10. Qh4 Nc6 11. Nf3 Nxd4 12. Nxd4 Bxd4 13. Bh6+ Bg7 14. O-O-O Qg6 15.
Bxg7+ Qxg7 16. Rd3 d6 17. Qh5 Bg4 18. Qb5 Qe5 19.
Qxb7 Kg7 20. Rg3 h5 21. f3 Rab8 22. Qxc7 Qxb2+ 23. Kd1 Qd4+ 24. Nd2 Rb1+ 25. Ke2 Qe5+ 26. Ne4 Rb2+ 27. Kd3 Rxa2 28. Ke3 Ra3+ 29. Bd3 Rf8 30.
fxg4 Qf4+ 31. Kd4 Qe5+ 32. Ke3 h4 33. Rf3 Rxf3+ 34. gxf3 h3 35. Qb8 h2 36. Qb1 Ra1 37.
Qxa1 Qxa1 38. Nf2 h1=Q 39. Nxh1 Qxh1 40. Be4 Qc1+ 41. Kd4 Kf6 42. Kd5 a5 43. f4 a4 44.
g5+ Kg7 45. f5 a3 46. c5 Qxc5+ 0-1

[Event "*** SCC Grand Prix: Titled Tuesday Blitz"]
[Site "Chess.com"]
[Date "2020.07.07"]
[Round "5"]
[White "totoro9"]
[Black "GMJustin"]
[Result "1-0"]
[WhiteElo "2314"]
[BlackElo "2253"]
[TimeControl "180+1"]
[EndTime "10:56:13 PDT"]
[Termination "totoro9 won on time"]

1. e4 e5 2. Nf3 Nc6 3. Bc4 Nf6 4. d3 Be7 5. O-O O-O 6. Re1 d6 7. a4 a5 8. Nbd2 Qd7 9. Nf1 Nd8 10. c3 c6 11. Bb3 Qc7 12. Ng3 g6 13. d4 Ne6 14.
h3 Nf4 15. Bxf4 exf4 16. Nf1 d5 17. e5 Ne4 18. N3d2 Nxd2 19. Qxd2 f3 20. Ng3 fxg2 21. Kxg2 f6 22. c4 fxe5 23. cxd5 cxd5 24. Bxd5+ Kg7 25. Rxe5 Bd6 26. Re2 Bf4 27. Qd3 Qd6 28. Bf3 Bd7 29. Ne4 Qe6 30. Bg4 Qd5 31. Bxd7 Qxd7 32. Nc5 Qd5+ 33.
Qe4 Rad8 34. Qxd5 Rxd5 35. Ne6+ Kg8 36. Nxf8 Kxf8 37. Rd1 Kf7 38. Rc2 Bd6 39. Rc8 Rg5+ 40. Kf3 h6 41. Ra8 Ke6 42. Ra7 b6 43. Rb7 Rf5+ 44.
Ke4 Rxf2 45. Rxb6 g5 46. Re1 1-0

[Event "*** SCC Grand Prix: Titled Tuesday Blitz"]
[Site "Chess.com"]
[Date "2020.07.07"]
[Round "5"]
[White "Mikhal867"]
[Black "fish7728"]
[Result "1-0"]
[WhiteElo "2363"]
[BlackElo "2171"]
[TimeControl "180+1"]
[EndTime "10:56:14 PDT"]
[Termination "Mikhal867 won by resignation"]

1. e4 c5 2. Nf3 e6 3. d4 cxd4 4. Nxd4 a6 5. c4 Qc7 6. Nc3 Nf6 7. f3 Ng8 8. Be3 Nf6 9. Qd2 Be7 10. g4 d6 11. g5 Nfd7 12. h4 Nc6 13. b3 b6 14.
Be2 Bb7 15. h5 O-O-O 16. O-O-O Nxd4 17. Qxd4 h6 18. g6 fxg6 19. hxg6 Bf6 20. Qd2 d5 21. exd5 exd5 22. Kb1 dxc4 23. Bxc4 Ne5 24. Nd5 Nxc4 25. bxc4 Qe5 26. Nxb6+ Kb8 27. Bf4 Rxd2 28. Bxe5+ Bxe5 29. Rxd2 Bxf3 30. Nd7+ Kc7 31. Nxe5 Bxh1 32. Rd7+ Kb6 33. Rxg7 h5 34. Kb2 Be4 35. Nd7+ Kc6 36. Ne5+ Kc5 37. Kc3 h4 38. Nd7+ Kd6 39. Nf6 Bf5 40. Rh7 Rc8 41. Rxh4 Bxg6 42. Rh6 Bf5 43. Nd5+ Ke5 44. Rxa6 Be6 45.
Ne3 Ke4 46. Rxe6+ Kf3 47. Nd5 Ra8 48. Kd4 Rxa2 49. Rf6+ Ke2 50. Nc3+ 1-0

[Event "*** SCC Grand Prix: Titled Tuesday Blitz"]
[Site "Chess.com"]
[Date "2020.07.07"]
[Round "5"]
[White "alexsergeyev"]
[Black "IngOscarArdila"]
[Result "0-1"]
[WhiteElo "2345"]
[BlackElo "2185"]
[TimeControl "180+1"]
[EndTime "10:56:14 PDT"]
[Termination "IngOscarArdila won on time"]

1. d4 Nf6 2. c4 g6 3. Nc3 Bg7 4.
e4 d6 5. Be2 O-O 6. Nf3 Nbd7 7.
O-O e5 8. Qc2 exd4 9. Nxd4 Re8 10. Rd1 Nc5 11. f3 a5 12. Nb3 Nxb3 13. axb3 Bd7 14. Bg5 h6 15. Bh4 g5 16. Bf2 Nh5 17. c5 dxc5 18. Bxc5 Nf4 19. Bb5 c6 20. Bf1 Qc8 21.
Bb6 Ne6 22. Bc4 Nf4 23. Rxa5 Rxa5 24. Bxa5 Be6 25. Ne2 Be5 26. Bc3 Bc7 27. Nxf4 Bxf4 28. Qd3 Bxc4 29. bxc4 Qc7 30. Qd4 Bxh2+ 31. Kh1 Be5 32.
Qc5 Bxc3 33. bxc3 Re5 34. Qd4 Qe7 35. g4 Kh7 36. Kg2 Ra5 37. Rd2 Re5 38. Kg3 Kg6 39.
Qd6+ Re6 40. Qd4 Qc7+ 41. Kg2 Qf4 42. c5 Rf6 43. Qf2 h5 44. gxh5+ Kxh5 45. Rd3 g4 46. Qg3 gxf3+ 47. Kf2 Qxg3+ 48. Kxg3 f2 0-1